 Dungeon Crawl Stone Soup version 0.29-a0-22-gbf593b16ee (webtiles) character file.

Game seed: 17960361826514232492

198 HallandMoats the Skirmisher (level 5, 0/32 (42) HPs)
             Began as a Demonspawn Fighter on Jan 29, 2022.
             Slain by Edmund (2 damage)
             ... on level 4 of the Dungeon.
             The game lasted 00:04:11 (3283 turns).

HallandMoats the Skirmisher (Demonspawn Fighter)    Turns: 3283, Time: 00:04:12

HP:   0/32 (42)     AC:  6    Str: 18    XL:     5   Next: 47%
MP:   6/6           EV: 10    Int:  9    God:
Gold: 128           SH:  8    Dex: 13    Spells: 4/4 levels left

rFire   . . .      SeeInvis .   a - +0 war axe
rCold   . . .      Faith    .   c - +0 buckler
rNeg    . . .      Spirit   .   b - +0 scale mail
rPois   .          Reflect  .   (no helmet)
rElec   .          Harm     .   (no cloak)
rCorr   .          Rampage  .   (no gloves)
Will    .....                   (no boots)
Stlth   ..........              (no amulet)
HPRegen 0.10/turn               (no ring)
MPRegen 0.10/turn               (no ring)

@: hasted, heavily drained, very quick
A: sturdy frame 1, condensation shield
a: no special abilities


You were on level 4 of the Dungeon.
You visited 1 branch of the dungeon, and saw 4 of its levels.

You collected 128 gold pieces.

Inventory:

Hand Weapons
 a - a +0 war axe (weapon)
Armour
 b - a +0 scale mail (worn)
 c - a +0 buckler (worn)
Jewellery
 j - a ring of positive energy
Scrolls
 d - a scroll of fog {unknown}
 e - a scroll of enchant weapon {unknown}
 f - a scroll of enchant armour {unknown}
 g - 2 scrolls of immolation {unknown}
 i - a scroll of identify {unknown}
 m - a scroll of teleportation {unknown}
 n - a scroll of acquirement {unknown}
 o - 3 scrolls of noise {unknown}
Potions
 h - a potion of heal wounds {unknown}
 l - a potion of lignification {unknown}


   Skills:
 * Level 4.1 Fighting
 * Level 3.1 Axes
 + Level 3.3 Armour
 + Level 1.2 Dodging
 + Level 3.1 Shields
 + Level 1.9 Invocations


You had 4 spell levels left.
You didn't know any spells.
Your spell library contained the following spells:

 Spells                   Type           Power      Damage    Failure   Level
 Static Discharge         Conj/Air       0%         N/A       86%         2
 Dispel Undead            Necr           0%         3d6       100%        4
 Sticky Flame             Conj/Fire      0%         2d3       100%        4


Dungeon Overview and Level Annotations

Branches:
Dungeon (4/15)
 Temple: D:4-7

Altars:
Sif Muna
Yredelemnul

Shops:
D:4 [[

Annotations:
D:3 exclusion: door
D:4 Edmund


Innate Abilities, Weirdness & Mutations

Your movements are slightly less encumbered by armour. (ER -2)
A meltable shield of frost defends you. (SH +4)


Message History

You hit Edmund.
Edmund is lightly wounded.
Edmund barely misses you.
Edmund is nearby!
You hit Edmund.
Edmund is moderately wounded.
Edmund hits you with a +3 flail of draining!
You feel drained.
Edmund hits you with a +3 flail of draining.
You feel drained.
You are too injured to fight recklessly!
You are too injured to fight recklessly!
You barely miss Edmund.
Edmund is moderately wounded.
You block Edmund's attack.
You hit Edmund.
Edmund is heavily wounded.
Edmund says, "People think my brother is the best.
I think he's crazy."
Edmund hits you with a +3 flail of draining.
You feel drained.
You hit Edmund.
Edmund is heavily wounded.
You block Edmund's attack. x2
You hit Edmund.
Edmund is heavily wounded.
Edmund misses you.
You hit Edmund.
Edmund is heavily wounded.
Edmund hits you with a +3 flail of draining.
You feel drained.
You hit Edmund.
Edmund is severely wounded.
Edmund hits you with a +3 flail of draining!
* * * LOW HITPOINT WARNING * * *
You feel drained.
* * * LOW HITPOINT WARNING * * *
Edmund hits you but does no damage.
You feel drained.
It was a potion of haste.
You feel yourself speed up.
Edmund hits you with a +3 flail of draining.
You die...

.....#..###.#####.#####.......
#+## +###.........# #.####.#
#.########.# #.# ### #.# #.#
..# #.####.# #.# #......# #.#
#.###### .##########.#####.##
......@@...........#
.##########.######.###
#....#.....# ####.###.#.#
#.....#.# #.#.#.#.# #.......#
#.#.#.#.# #.......#


You could see Edmund.

Vanquished Creatures
  An ogre (D:4)
  2 adders
  3 dart slugs
  3 orcs (D:3)
  12 endoplasms
  2 giant cockroaches (D:2)
  7 goblins
  9 hobgoblins
  4 jackals (D:3)
  5 quokkas
  7 ball pythons
  6 bats
  5 frilled lizards
  5 kobolds
  6 rats
77 creatures vanquished.

Notes
Turn   | Place    | Note
-------+----------+-------------------------------------------
     0 | D:1      | HallandMoats the Demonspawn Fighter began the quest for the
                  | Orb.
     0 | D:1      | Reached XP level 1. HP: 18/18 MP: 1/1
   210 | D:1      | Gained mutation: A meltable shield of frost defends you.
                  | (SH +4) [demonic ancestry]
   210 | D:1      | Reached XP level 2. HP: 16/24 MP: 2/2
   725 | D:1      | Reached skill level 1 in Invocations
   764 | D:1      | Gained mutation: Your movements are slightly less
                  | encumbered by armour. (ER -2) [demonic ancestry]
   764 | D:1      | Reached XP level 3. HP: 29/29 MP: 3/3
  1903 | D:3      | Reached XP level 4. HP: 36/36 MP: 4/4
  2268 | D:3      | Found a shimmering blue altar of Sif Muna.
  2936 | D:4      | Found Zosch's Antique Armour Boutique.
  2975 | D:4      | Noticed an ogre
  2976 | D:4      | Found Obacsuin's Armour Emporium.
  2980 | D:4      | Killed an ogre
  2981 | D:4      | Reached skill level 4 in Fighting
  2981 | D:4      | Reached skill level 1 in Dodging
  2981 | D:4      | Reached XP level 5. HP: 14/42 MP: 4/6
  3196 | D:4      | Found a basalt altar of Yredelemnul.
  3271 | D:4      | Noticed Edmund
  3283 | D:4      | Slain by Edmund

Illustrated notes

Levels and vault maps discovered:
D:1:      dpeg_arrival_castle, layout_basic
D:2:      minmay_general_purpose_star, layout_basic, serial_corexii_hall,
          corexii_hall_statues_x, chequers_hall_statues_corner_a,
          corexii_hall_statues_s, chequers_hall_statues_y,
          kennysheep_generic_room_6
D:3:      layout_basic, led_sif_book
D:4:      layout_basic, mainiacjoe_overflow_24_doors, serial_shops,
          kennysheep_mini, nicolae_square_shop, shop, nicolae_shop_statue_plus,
          nicolae_shop_temple_entry_statues_fountains,
          kennysheep_generic_room_14, uniq_edmund, uniq_menkaure

Skill      XL: |  1  2  3  4 |
---------------+-------------+-----
Axes           | 2 3 |  3.1
Invocations    | 1 |  1.9
Armour         | 3 |  3.3
Fighting       | 4 |  4.1
Dodging        | 1 |  1.2
Shields        | 3 |  3.1

Action                   |  1- 3 |  4- 6 || total
-------------------------+-------+-------++-------
Melee: War axe           |   137 |    56 ||   193
  Use: Potion            |       |     2 ||     2
Armor: Scale mail        |    53 |    15 ||    68
Dodge: Dodged            |    55 |    26 ||    81
Block: Buckler           |    53 |    30 ||    83

Table legend: (Time is in decaauts)
 A = Elapsed time spent in this place.
 B = Non-inter-level travel time spent in this place.
 C = Inter-level travel time spent in this place.
 D = Time resting spent in this place.
 E = Time spent auto-exploring this place.
 F = Levels seen in this place.
 G = Mean time per level.
                   A        B        C        D        E       F      G
               +--------+--------+--------+--------+--------+-----+--------+
         Total |   3367 |   3290 |     77 |      0 |   2686 |   4 |  841.8 |
       Dungeon |   3367 |   3290 |     77 |      0 |   2686 |   4 |  841.8 |
               +--------+--------+--------+--------+--------+-----+--------+

Top non-repeatable levels by time:
     D:3: 1174 daAuts
     D:1: 1017 daAuts
     D:2: 824 daAuts
     D:4: 351 daAuts
